 Dungeon Crawl Stone Soup version 0.30-a0-509-gd016549fea (webtiles) character file.

Game seed: 14782459722213295438

5 hikkokomori the Vexing (level 1, 0/13 HPs)
             Began as a Demonspawn Enchanter on Dec 23, 2022.
             Slain by a kobold
             ... wielding a +0 short sword
              (2 damage)
             ... on level 1 of the Dungeon.
             The game lasted 00:00:37 (149 turns).

hikkokomori the Vexing (Demonspawn Enchanter)        Turns: 149, Time: 00:00:37

Health: 0/13       AC:  2    Str:  8    XL:     1   Next: 66%
Magic:  3/3        EV: 12    Int: 16    God:
Gold:   16         SH:  0    Dex: 13    Spells: 4/4 levels left

rFire   . . .      SeeInvis .    a - +1 dagger
rCold   . . .      Faith    .    (no shield)
rNeg    . . .      Spirit   .    b - +0 robe
rPois   .          Reflect  .    (no helmet)
rElec   .          Harm     .    (no cloak)
rCorr   .          Rampage  .    (no gloves)
Will    .....                    (no boots)
Stlth   ++........               (no amulet)
HPRegen 0.22/turn                (no ring)
MPRegen 0.08/turn                (no ring)

@: no status effects
A: no striking features
a: no special abilities


You were on level 1 of the Dungeon.
You visited 1 branch of the dungeon, and saw 1 of its levels.

You collected 16 gold pieces.

Inventory:

Hand Weapons
 a - a +1 dagger (weapon)
Armour
 b - a +0 robe (worn)
Scrolls
 d - a scroll of identify {unknown}
Potions
 c - 2 potions of invisibility
 e - a potion of flight {unknown}


   Skills:
 + Level 1.0 Short Blades
 - Level 1.8 Dodging
 + Level 2.8 Stealth
 + Level 2.1 Spellcasting
 - Level 3.0 Hexes


You had 4 spell levels left.
You didn't know any spells.
Your spell library contained the following spells:

 Spells                   Type           Power      Damage    Failure   Level
 Ensorcelled Hibernation  Hex/Ice        12%        N/A       17%         2
 Confusing Touch          Hex            11%        N/A       17%         3
 Tukima's Dance           Hex            11%        N/A       17%         3
 Dazzling Flash           Conj/Hex       12%        N/A       32%         3


Dungeon Overview and Level Annotations

Branches:
Dungeon (1/15)

Altars:


Message History

A kobold is nearby!
A kobold is nearby!
A kobold is nearby!
A ball python and a kobold come into view.
Found 2 gold pieces.
The kobold shouts!
The ball python hisses angrily.
The kobold throws a stone.
The stone barely misses you.
The kobold shouts!
Found a stone staircase leading down.
Unknown command.
You closely miss the ball python. The ball python bites you.
The ball python misses you.
You hit the ball python.
The ball python is moderately wounded.
The ball python bites you. The ball python misses you.
You barely miss the ball python.
The ball python is moderately wounded.
The kobold enters a dispersal trap!
The ball python blinks!
You blink.
You hit the ball python.
You kill the ball python!
A rat comes into view.
You see here a ball python corpse.
A goblin comes into view. It is wielding a +0 club.
You see here a ball python corpse.
The kobold throws a stone.
The stone hits you but does no damage.
The kobold shouts!
The kobold throws a stone.
The stone hits you.
The kobold throws a stone.
The stone closely misses you.
You closely miss the kobold. The kobold hits you with a +0 dagger.
You closely miss the kobold. The kobold hits you with a +0 dagger.
* * * LOW HITPOINT WARNING * * *
The rat closely misses you.
You closely miss the rat. The rat closely misses you.
The kobold hits you but does no damage.
You hit the rat.
You kill the rat!
You hit the kobold.
You kill the kobold!
The kobold hits you with a +0 short sword.
You die...

#.# #.###########.# #.#
#.............#
#######'####### #.# #'##
#..# ##### ##.###########
#.†.#####............
.....r..#†@#^.K............
.....#####)K.##............
.... ######............ ...
#...K........ .g
#............ #
#............ #............
#............ #............


You could see a kobold.

Vanquished Creatures
  A dart slug (D:1)
  A bat (D:1)
  A ball python (D:1)
  A kobold (D:1)
  A rat (D:1)
5 creatures vanquished.

Notes
Turn   | Place    | Note
-------+----------+-------------------------------------------
     0 | D:1      | hikkokomori the Demonspawn Enchanter began the quest for
                  | the Orb.
     0 | D:1      | Reached XP level 1. HP: 13/13 MP: 3/3
   121 | D:1      | Reached skill level 1 in Short Blades
   149 | D:1      | Slain by a kobold

Illustrated notes

Levels and vault maps discovered:
D:1:      matt_arrival_los_fun, layout_basic, minmay_gold_behind_fungi

Skill      XL: |  1 |
---------------+----+-----
Short Blades   | 1 |  1.0
Dodging        | |  1.8
Stealth        | |  2.8
Spellcasting   | |  2.1
Hexes          | |  3.0

Action                   || total
-------------------------++-------
Melee: Dagger            ||    16
Armor: Robe              ||     4
Dodge: Dodged            ||     7

Table legend: (Time is in decaauts)
 A = Elapsed time spent in this place.
 B = Non-inter-level travel time spent in this place.
 C = Inter-level travel time spent in this place.
 D = Time resting spent in this place.
 E = Time spent auto-exploring this place.
 F = Levels seen in this place.
 G = Mean time per level.
                   A        B        C        D        E       F      G
               +--------+--------+--------+--------+--------+-----+--------+
         Total |    148 |    148 |      0 |      0 |    105 |   1 |  148.0 |
       Dungeon |    148 |    148 |      0 |      0 |    105 |   1 |  148.0 |
               +--------+--------+--------+--------+--------+-----+--------+

Top non-repeatable levels by time:
     D:1: 148 daAuts
